cohdb
Replays
Latest Replays
All Replays
Popular Replays
Top Player Replays
Match Explorer
How It Works
Community
CoH3 Stats
Reddit
Sign in to upload your games and track your stats! →
Sign in with Steam
Match 42222633
Unlisted
Match 42222633
Overview
Messages
Build Orders
End
Vickers Machine Gun Team
Selects Canadian Shock Battlegroup
Construct Section Command Post
Infantry Section
Infantry Section
Grenade Package
Selects Attacking Spirit
Selects Canadian Shock Section
Canadian Shock Section
Construct Platoon Command Post
Selects Incendiary Munitions
Royal Engineer Section
CMP 15cwt Truck
Selects Pyrotechnics
Buddy^
FARM7D
GigaFrog
Nuclear Viking
L1n9oK3r
东京七姐妹的Live看的很开心
0
0
Comments
sign in to comment!
No comments posted yet!